 Dungeon Crawl Stone Soup version 0.27-a0-906-g0a00ce863d (webtiles) character file.

Game seed: 7515245645112228947

72 wakim the Insei (level 4, 0/28 HPs)
             Began as an Octopode Transmuter on Apr 6, 2021.
             Succumbed to an adder's poison
             ... on level 2 of the Dungeon.
             The game lasted 00:03:34 (1883 turns).

wakim the Insei (Octopode Transmuter)               Turns: 1883, Time: 00:03:35

Health: 0/28       AC:  1    Str:  9    XL:     4   Next: 26%
Magic:  7/7        EV: 13    Int: 16    God:
Gold:   33         SH:  0    Dex: 12    Spells: 3/7 levels left

rFire    . . .     SeeInvis .     - Unarmed
rCold    . . .     Faith    .   (no shield)
rNeg     . . .     Spirit   .   (helmet restricted)
rPois    .         Reflect  .   (no amulet)
rElec    .         Harm     .   (no ring)
rCorr    .         Rampage  .   (no ring)
Will     .....                  (no ring)
Stlth    +++.......             (no ring)
HPRegen  0.09/turn              (no ring)
MPRegen  0.10/turn              (no ring)
                                (no ring)
                                (no ring)

@: lethally poisoned (0 -> -5)
A: almost no armour, amphibious, 8 rings, camouflage 1, gelatinous body 1,
(nimble swimmer 1), tentacles
a: no special abilities


You were on level 2 of the Dungeon.
You visited 1 branch of the dungeon, and saw 2 of its levels.

You collected 33 gold pieces.

Inventory:

Potions
 J - a potion of heal wounds


   Skills:
 - Level 1.0 Fighting
 + Level 2.5 Dodging
 - Level 3.0 Stealth
 * Level 3.9 Unarmed Combat
 * Level 2.1 Spellcasting
 * Level 2.0 Transmutations
 + Level 0.2 Poison Magic


You had 3 spell levels left.
You knew the following spells:

 Your Spells              Type           Power      Damage    Failure   Level
a - Beastly Appendage     Tmut           16%        N/A       9%          1
x - Spider Form           Tmut/Pois      2%         N/A       36%         3

Your spell library contained the following spells:

 Spells                   Type           Power      Damage    Failure   Level
 Wereblood                Tmut           8%         N/A       13%         2
 Ice Form                 Ice/Tmut       4%         N/A       80%         4
 Hydra Form               Tmut           4%         N/A       94%         5


Dungeon Overview and Level Annotations

Branches:
Dungeon (2/15)

Altars:

Annotations:
D:2 Sigmund


Innate Abilities, Weirdness & Mutations

You cannot wear most types of armour.
You are amphibious.
You can wear up to eight rings at the same time.
Your skin changes colour to match your surroundings (Stealth+).
Your rubbery body absorbs attacks. (AC +1, EV +1)
((You are camouflaged near water. (Stealth+)))
You have tentacles for arms and can constrict up to eight enemies at once.


Message History

d - a potion of heal wounds;
J - a potion of heal wounds Sigmund hits you from afar with a +0 scythe.
As you read the scroll labelled ROBIGUPSON, it crumbles to dust.
You feel aware of your surroundings.
It was a scroll of magic mapping.
Sigmund closely misses you. Sigmund looks at you with fury.
Found a scroll of identify.
An adder and a quokka come into view.
The adder hisses angrily.
Sigmund casts a spell at you. You resist with some effort.
Found 20 sling bullets and a metal-bound book.
Found a helmet.
You see here a +0 helmet.
Found 11 gold pieces.
Sigmund casts a spell at himself.
Sigmund flickers and vanishes!
Deactivating autopickup; reactivate with Ctrl-A.
The adder barely misses you. The quokka bites you.
Found a quarterstaff.
The dart slug launches a dart at you. The slug dart hits you.
* * * LOW HITPOINT WARNING * * *
The quokka bites you.
* * * LOW HITPOINT WARNING * * *
The adder bites you.
* * * LOW HITPOINT WARNING * * *
You are lethally poisoned!
The adder poisons you!
* * * LOW HITPOINT WARNING * * *
You feel sick.
You hear some strange, mumbled words.
A puff of flame appears from out of thin air!
The puff of flame misses you.
* * * LOW HITPOINT WARNING * * *
You feel sick.
You aren't carrying any items that you can evoke.
Unknown command.
You die...

*,,,,,,,** **#
*,,,,,..,* #
*,,,,,,.,* #####
*******#.* #....
####.#######
#.#..
#..>.).....#
#.#..
#..........#
#....
#####(...:.....#
###..
#..........@...#
#..
#.?............#
#..
#..........rwS.#
##.
#...........$..#
######.
#..............#
#......
#..............#
#......
*#.............#
#......
#.#.###.#######
#......
#######.#.###.#
#......


You could see an adder, a dart slug and a quokka.

Vanquished Creatures
  3 adders (D:2)
  A worm (D:2)
  A dart slug (D:1)
  2 endoplasms (D:1)
  2 giant cockroaches (D:1)
  3 goblins
  3 hobgoblins
  10 jackals
  A kobold (D:2)
  A quokka (D:2)
  4 ball pythons
  2 bats (D:1)
  3 frilled lizards
  A rat (D:2)
37 creatures vanquished.

Notes
Turn   | Place    | Note
-------+----------+-------------------------------------------
     0 | D:1      | wakim the Octopode Transmuter began the quest for the Orb.
     0 | D:1      | Reached XP level 1. HP: 13/13 MP: 3/3
    68 | D:1      | Reached skill level 1 in Stealth
   339 | D:1      | Reached XP level 2. HP: 18/18 MP: 3/5
   452 | D:1      | Found a faded altar of an unknown god.
   738 | D:1      | Reached XP level 3. HP: 23/23 MP: 4/6
   749 | D:1      | Learned a level 3 spell: Spider Form
  1558 | D:2      | Reached XP level 4. HP: 28/28 MP: 5/7
  1724 | D:2      | Noticed Sigmund
  1882 | D:2      | HP: 1/28 [poisoned by an adder]
  1883 | D:2      | Succumbed to an adder's poison

Illustrated notes

Levels and vault maps discovered:
D:1:      dpeg_cavernosity, layout_basic, basic_ecumenical_altar,
          minmay_liquid_box
D:2:      layout_basic, uniq_sigmund

Skill      XL: |  1  2  3 |
---------------+----------+-----
Stealth        | 1 2 3 |  3.0
Fighting       | |  1.0
Dodging        | |  2.5
Unarmed Combat | |  3.9
Spellcasting   | |  2.1
Transmutations | |  2.0
Poison Magic   | |  0.2

Action                   |  1- 3 |  4- 6 || total
-------------------------+-------+-------++-------
Melee: Unarmed           |    83 |    13 ||    96
       Kick              |    17 |     3 ||    20
       Constrict         |    20 |     3 ||    23
       Tentacles         |     7 |     1 ||     8
       Punch             |     2 |       ||     2
 Cast: Beastly Appendage |    18 |     3 ||    21
  Use: Scroll            |       |     3 ||     3
 Stab: Sleeping          |     8 |       ||     8
Armor: Skin              |     7 |       ||     7
Dodge: Dodged            |    53 |     7 ||    60

Table legend: (Time is in decaauts)
 A = Elapsed time spent in this place.
 B = Non-inter-level travel time spent in this place.
 C = Inter-level travel time spent in this place.
 D = Time resting spent in this place.
 E = Time spent auto-exploring this place.
 F = Levels seen in this place.
 G = Mean time per level.
                   A        B        C        D        E       F      G
               +--------+--------+--------+--------+--------+-----+--------+
         Total |   1876 |   1854 |     22 |      0 |   1583 |   2 |  938.0 |
       Dungeon |   1876 |   1854 |     22 |      0 |   1583 |   2 |  938.0 |
               +--------+--------+--------+--------+--------+-----+--------+

Top non-repeatable levels by time:
     D:1: 1202 daAuts
     D:2: 673 daAuts
